WCHLSIM.com - West Coast Hockey League
Dernière mise à jour: 2025-12-07 16:11:59
html PUBLIC "-//W3C//DTD XHTML 1.0 Transitional//EN" "http://www.w3.org/TR/xhtml1/DTD/xhtml1-transitional.dtd"> WCHL - Game 1 - PORTLAND PIRATES vs SAN DIEGO THUNDER

PORTLAND PIRATES vs SAN DIEGO THUNDER

Created - 8 octobre 2025 at 22:08

Goals
1 2 3 T
PORTLAND PIRATES 2 3 0 5
SAN DIEGO THUNDER 2 1 0 3
Shots
1 2 3 T
PORTLAND PIRATES 16 13 16 45
SAN DIEGO THUNDER 15 5 10 30

1st period

1. SAN DIEGO THUNDER , Dmitri Voronkov 1 (Jake Neighbours 1, Erik Cernak 1) at 0:19
2. SAN DIEGO THUNDER , Aliaksei Protas 1 (Maxim Tsyplakov 1) at 2:03 (PP)
3. PORTLAND PIRATES , Mika Zibanejad 1 (Robert Thomas 1, Travis Konecny 1) at 6:08
4. PORTLAND PIRATES , Ryan Donato 1 (Pavel Zacha 1, Chandler Stephenson 1) at 16:11

Penalties :
Luke Schenn (POR) for Hooking (Minor) at 1:08, Jake Neighbours (SDG) for Fighting (Major) at 2:46, Ryan Donato (POR) for Fighting (Major) at 2:46, Ryan Donato (POR) for Tripping (Minor) at 13:12

2nd period

5. PORTLAND PIRATES , Mika Zibanejad 2 (Robert Thomas 2, Travis Konecny 2) at 2:05
6. PORTLAND PIRATES , Jordan Eberle 1 (Robert Thomas 3, Travis Konecny 3) at 8:32 (PP)
7. PORTLAND PIRATES , Chandler Stephenson 1 (Mika Zibanejad 1, Ryan McLeod 1) at 8:50 (PP)
8. SAN DIEGO THUNDER , Joel Farabee 1 (Frank Nazar 1, Eric Robinson 1) at 10:48

Penalties :
Jake Neighbours (SDG) for Charging (Double Minor) at 8:13, Travis Konecny (POR) for Roughing (Minor) at 17:01

3rd period

No Goal

Penalties :
Michael Anderson (POR) for High sticking (Minor) at 9:04, Maxim Tsyplakov (SDG) for Tripping (Minor) at 19:12

Goalie Stats

Joseph Woll (POR), 27 saves from 30 shots - (0,900), W, 1-0-0, 60:00 minutes
Arvid Soderblom (SDG), 22 saves from 23 shots - (0,957), 31:28 minutes
Petr Mrazek (SDG), 18 saves from 22 shots - (0,818), L, 0-1-0, 28:32 minutes

Players Stats for PORTLAND PIRATES

Player Name              G  A  P  +/- PIM S  H  SB GA TA FO     MP     PP MP  PK MP  
------------------------------------------------------------------------------------
Ben Chiarot              0  0  0   1  0   0  1  1  0  0  0/0    21:44   0:00   2:28 
Brian Dumoulin           0  0  0   1  0   1  0  1  0  0  0/0    22:49   0:00   3:33 
Chandler Stephenson      1  1  2   0  0   3  0  2  0  0  17/27  19:14   1:00   0:00 
Jordan Eberle            1  0  1   0  0   5  0  0  0  0  0/1    12:52   0:19   0:00 
Luke Schenn              0  0  0   2  2   1  4  2  0  0  0/0    15:58   0:00   2:46 
Michael Amadio           0  0  0   0  0   1  0  0  0  0  0/0     7:19   0:42   2:29 
Michael Anderson         0  0  0  -2  2   0  0  4  0  0  0/0    22:32   0:42   2:36 
Mika Zibanejad           2  1  3   1  0   5  3  0  0  0  1/1    19:22   1:00   0:00 
Nathan Walker            0  0  0   0  0   0  0  0  0  0  0/0     2:35   0:00   0:00 
Pavel Zacha              0  1  1   0  0   9  1  1  0  0  0/0    19:56   0:42   1:00 
Robert Thomas            0  3  3   1  0   4  1  0  0  0  17/26  18:46   0:24   0:00 
Ryan Donato              1  0  1   0  7   5  0  1  0  0  3/3    16:44   0:05   0:00 
Ryan McLeod              0  1  1   0  0   3  1  0  0  0  14/22  17:56   1:00   4:23 
Sam Steel                0  0  0   0  0   0  0  0  0  0  3/4     5:58   0:00   3:23 
Thomas Chabot            0  0  0  -2  0   0  0  1  0  0  0/0    21:26   0:42   1:29 
Travis Hamonic           0  0  0   2  0   0  0  0  0  0  0/0    14:05   0:00   0:52 
Travis Konecny           0  3  3   1  2   6  1  0  0  0  2/3    18:45   0:24   0:00 
Yanni Gourde             0  0  0   0  0   2  1  0  0  0  3/5    15:02   0:00   2:29 

Players Stats for SAN DIEGO THUNDER

Player Name              G  A  P  +/- PIM S  H  SB GA TA FO     MP     PP MP  PK MP  
------------------------------------------------------------------------------------
Adam Boqvist             0  0  0  -1  0   0  1  1  0  0  0/0     4:52   0:00   0:00 
Aliaksei Protas          1  0  1   0  0   6  0  1  0  0  10/28  19:35   3:40   0:13 
Charles McAvoy           0  0  0  -1  0   0  1  1  0  0  0/0    25:24   2:50   0:50 
Derek Forbort            0  0  0   0  0   0  2  0  0  0  0/0    19:17   3:21   0:34 
Dmitri Voronkov          1  0  1  -1  0   2  1  1  0  0  0/2    21:46   3:12   1:11 
Elmer Soderblom          0  0  0   0  0   0  0  0  0  0  0/0     5:18   0:00   0:00 
Eric Robinson            0  1  1   0  0   1  3  0  0  0  1/2    14:21   0:00   0:00 
Erik Cernak              0  1  1   0  0   1  3  1  0  0  0/0    20:32   2:50   0:50 
Fedor Svechkov           0  0  0   0  0   0  0  0  0  0  2/7     4:18   0:00   0:00 
Frank Nazar              0  1  1  -1  0   2  1  0  0  0  3/12   16:14   0:41   0:00 
Jake Neighbours          0  1  1   0  9   2  3  0  0  0  0/1    18:34   3:12   0:13 
Jalen Chatfield          0  0  0   0  0   0  1  2  0  0  0/0    15:19   0:41   0:00 
Joel Farabee             1  0  1   0  0   3  1  0  0  0  0/1    14:21   0:00   0:00 
Maxim Tsyplakov          0  1  1   0  2   2  0  0  0  0  0/1    19:21   3:40   0:00 
Nate Schmidt             0  0  0   0  0   0  4  0  0  0  0/0    19:17   3:21   0:34 
Nicolas Hague            0  0  0   0  0   0  5  1  0  0  0/0    15:19   0:41   0:00 
Radek Faksa              0  0  0   0  0   6  1  0  0  0  0/0    18:41   2:59   0:00 
Wyatt Johnston           0  0  0  -1  0   5  0  0  0  0  16/38  26:04   3:12   1:11 

3 Stars

1 - Mika Zibanejad (POR)
2 - Robert Thomas (POR)
3 - Chandler Stephenson (POR)

Power Play

PORTLAND PIRATES - 2 on 3 Attempt(s) - 66,67%
SAN DIEGO THUNDER - 1 on 4 Attempt(s) - 25,00%

Penalty Kill

PORTLAND PIRATES - 3 on 4 Attempt(s) - 75,00% - Score 0 goal in Penalty Kill
SAN DIEGO THUNDER - 1 on 3 Attempt(s) - 33,33% - Score 0 goal in Penalty Kill

Team Stat

PORTLAND PIRATES - Hits : 13 - Faceoff Wins : 60 - Blocked Shots : 13 - Penalty Minutes : 13
SAN DIEGO THUNDER - Hits : 27 - Faceoff Wins : 32 - Blocked Shots : 8 - Penalty Minutes : 11

Official

Referees : Corey Syvret and Kelly Sutherland
Linesman : Brandon Gawryletz and Shandor Alphonso

Game Notes

Jake Neighbours and Ryan Donato fight to a draw at 2:46 of 1st period
Arvid Soderblom enters game at 8:32 of 2nd period

Finance

Level 1 -- Attendance: 5668 (90,40%) -- Ticket Income 991 900 $
Level 2 -- Attendance: 4878 (91,69%) -- Ticket Income 585 360 $
Level 3 -- Attendance: 2090 (100,00%) -- Ticket Income 209 000 $
Level 4 -- Attendance: 4258 (98,56%) -- Ticket Income 298 060 $
Luxury Box -- Attendance: 1000 (100,00%) -- Ticket Income 300 000 $
Total Attendance: 17894 (94,18%)
Total Ticket Income: 2 384 320 $
Other Expense: 23 843 $
Total Income: 2 360 477 $

PORTLAND PIRATES

5 vs 5 Forward 
   Center                   Left Wing                Right Wing               Time % Phy DF OF 
 1 Robert Thomas            Travis Konecny           Mika Zibanejad           35     0   1  4  
 2 Chandler Stephenson      Pavel Zacha              Ryan Donato              35     0   2  3  
 3 Ryan McLeod              Yanni Gourde             Jordan Eberle            25     0   2  3  
 4 Sam Steel                Nathan Walker            Michael Amadio           5      1   2  2  

5 vs 5 Defense 
   Defense                  Defense                                           Time % Phy DF OF 
 1 Michael Anderson         Thomas Chabot                                     36     0   4  1  
 2 Brian Dumoulin           Ben Chiarot                                       36     0   4  1  
 3 Travis Hamonic           Luke Schenn                                       18     0   4  1  
 4 Travis Hamonic           Luke Schenn                                       10     1   4  0  

PowerPlay Forward 
   Center                   Left Wing                Right Wing               Time % Phy DF OF 
 1 Robert Thomas            Ryan Donato              Travis Konecny           60     0   0  5  
 2 Chandler Stephenson      Ryan McLeod              Mika Zibanejad           40     0   0  5  

PowerPlay Defense
   Defense                  Defense                                           Time % Phy DF OF 
 1 Thomas Chabot            Pavel Zacha                                       60     0   2  3  
 2 Michael Anderson         Michael Amadio                                    40     0   2  3  

Penalty Kill 4 Players Forward 
   Center                   Wing                     Time % Phy DF OF 
 1 Ryan McLeod              Sam Steel                60     0   5  0  
 2 Yanni Gourde             Michael Amadio           40     0   5  0  

Penalty Kill 4 Players Defense
   Defense                  Defense                  Time % Phy DF OF 
 1 Brian Dumoulin           Michael Anderson         60     0   5  0  
 2 Luke Schenn              Ben Chiarot              40     0   5  0  

Penalty Kill - 3 Players Forward 
   Forward                                           Time % Phy DF OF 
 1 Yanni Gourde                                      60     0   5  0  
 2 Pavel Zacha                                       40     0   5  0  

Penalty Kill - 3 Players Defense
   Defense                  Defense                  Time % Phy DF OF 
 1 Brian Dumoulin           Michael Anderson         60     0   5  0  
 2 Travis Hamonic           Ben Chiarot              40     0   5  0  

4 vs 4 Forward 
   Center                   Wing                     Time % Phy DF OF 
 1 Robert Thomas            Travis Konecny           60     0   1  4  
 2 Chandler Stephenson      Mika Zibanejad           40     0   1  4  

4 vs 4 Defense
   Defense                  Defense                  Time % Phy DF OF 
 1 Thomas Chabot            Ben Chiarot              60     0   3  2  
 2 Brian Dumoulin           Travis Hamonic           40     0   3  2  

Last Minutes Offensive
   Center                   Left Wing                Right Wing               Defense                  Defense                  
   Mika Zibanejad           Travis Konecny           Robert Thomas            Thomas Chabot            Ben Chiarot              

Last Minutes Defensive
   Center                   Left Wing                Right Wing               Defense                  Defense                  
   Ryan McLeod              Yanni Gourde             Michael Amadio           Michael Anderson         Brian Dumoulin           

Goaltenders
Starting : Joseph Woll              
Backup : Jonathan Quick           

Extra Forwards
Normal : Michael Amadio, Sam Steel, Nathan Walker - PP : Jordan Eberle, Michael Amadio - PK : Pavel Zacha
Extra Defensemen
Normal : Luke Schenn, Ben Chiarot, Travis Hamonic - PP : Ben Chiarot - PK : Luke Schenn, Thomas Chabot
Penalty Shots
Travis Konecny, Robert Thomas, Ryan Donato, Mika Zibanejad, Jordan Eberle
Custom OT Lines Forwards
Robert Thomas, Travis Konecny, Mika Zibanejad, Chandler Stephenson, Ryan McLeod, Pavel Zacha, Ryan Donato, Jordan Eberle, Yanni Gourde, Michael Amadio
Custom OT Lines Defensemen
Thomas Chabot, Michael Anderson, Brian Dumoulin, Ben Chiarot, Travis Hamonic

Scratches
Gabriel Landeskog (Healthy)

SAN DIEGO THUNDER

5 vs 5 Forward 
   Center                   Left Wing                Right Wing               Time % Phy DF OF 
 1 Wyatt Johnston           Dmitri Voronkov          Jake Neighbours          36     1   2  2  
 2 Aliaksei Protas          Radek Faksa              Maxim Tsyplakov          31     1   2  2  
 3 Frank Nazar              Joel Farabee             Eric Robinson            23     1   2  2  
 4 Fedor Svechkov           Elmer Soderblom          Wyatt Johnston           10     1   2  2  

5 vs 5 Defense 
   Defense                  Defense                                           Time % Phy DF OF 
 1 Charles McAvoy           Erik Cernak                                       36     1   2  2  
 2 Nate Schmidt             Derek Forbort                                     31     1   2  2  
 3 Jalen Chatfield          Nicolas Hague                                     23     1   2  2  
 4 Adam Boqvist             Charles McAvoy                                    10     1   2  2  

PowerPlay Forward 
   Center                   Left Wing                Right Wing               Time % Phy DF OF 
 1 Wyatt Johnston           Dmitri Voronkov          Jake Neighbours          55     1   2  2  
 2 Aliaksei Protas          Radek Faksa              Maxim Tsyplakov          45     1   2  2  

PowerPlay Defense
   Defense                  Defense                                           Time % Phy DF OF 
 1 Charles McAvoy           Erik Cernak                                       55     1   2  2  
 2 Nate Schmidt             Derek Forbort                                     45     1   2  2  

Penalty Kill 4 Players Forward 
   Center                   Wing                     Time % Phy DF OF 
 1 Wyatt Johnston           Dmitri Voronkov          55     1   2  2  
 2 Aliaksei Protas          Jake Neighbours          45     1   2  2  

Penalty Kill 4 Players Defense
   Defense                  Defense                  Time % Phy DF OF 
 1 Charles McAvoy           Erik Cernak              55     1   2  2  
 2 Nate Schmidt             Derek Forbort            45     1   2  2  

Penalty Kill - 3 Players Forward 
   Forward                                           Time % Phy DF OF 
 1 Wyatt Johnston                                    55     1   2  2  
 2 Dmitri Voronkov                                   45     1   2  2  

Penalty Kill - 3 Players Defense
   Defense                  Defense                  Time % Phy DF OF 
 1 Charles McAvoy           Erik Cernak              55     1   2  2  
 2 Nate Schmidt             Derek Forbort            45     1   2  2  

4 vs 4 Forward 
   Center                   Wing                     Time % Phy DF OF 
 1 Wyatt Johnston           Dmitri Voronkov          55     1   2  2  
 2 Aliaksei Protas          Jake Neighbours          45     1   2  2  

4 vs 4 Defense
   Defense                  Defense                  Time % Phy DF OF 
 1 Charles McAvoy           Erik Cernak              55     1   2  2  
 2 Nate Schmidt             Derek Forbort            45     1   2  2  

Last Minutes Offensive
   Center                   Left Wing                Right Wing               Defense                  Defense                  
   Wyatt Johnston           Dmitri Voronkov          Jake Neighbours          Charles McAvoy           Erik Cernak              

Last Minutes Defensive
   Center                   Left Wing                Right Wing               Defense                  Defense                  
   Wyatt Johnston           Dmitri Voronkov          Jake Neighbours          Charles McAvoy           Erik Cernak              

Goaltenders
Starting : Petr Mrazek              
Backup : Arvid Soderblom          

Extra Forwards
Normal : Frank Nazar, Joel Farabee, Eric Robinson - PP : Frank Nazar, Joel Farabee - PK : Eric Robinson
Extra Defensemen
Normal : Jalen Chatfield, Nicolas Hague, Adam Boqvist - PP : Jalen Chatfield - PK : Nicolas Hague, Adam Boqvist
Penalty Shots
Wyatt Johnston, Dmitri Voronkov, Aliaksei Protas, Jake Neighbours, Radek Faksa
Custom OT Lines Forwards
Wyatt Johnston, Dmitri Voronkov, Aliaksei Protas, Jake Neighbours, Radek Faksa, Maxim Tsyplakov, Frank Nazar, Joel Farabee, Eric Robinson, Fedor Svechkov
Custom OT Lines Defensemen
Charles McAvoy, Erik Cernak, Nate Schmidt, Derek Forbort, Jalen Chatfield

Scratches
Ethan Bear (Healthy), Zachary Jones (Healthy)

% Time on Ice - PORTLAND PIRATES

Lines # - Real PCT - Wanted PCT - Time Play
Normal Forward
1 - 36% - 35% - 18:22
2 - 35% - 35% - 18:14
3 - 24% - 25% - 12:33
4 - 5% - 5% - 2:35
Normal Defense
1 - 37% - 36% - 19:15
2 - 37% - 36% - 19:16
3 - 17% - 18% - 9:03
4 - 8% - 10% - 4:10
PP Forward
1 - 29% - 60% - 0:24
2 - 71% - 40% - 1:00
PP Defense
1 - 50% - 60% - 0:42
2 - 50% - 40% - 0:42
PK Forward
1 - 64% - 60% - 4:23
2 - 36% - 40% - 2:29
PK Defense
1 - 67% - 60% - 4:35
2 - 33% - 40% - 2:17
PK3 Forward
1 - 0% - 60%
2 - 0% - 40%
PK3 Defense
1 - 0% - 60%
2 - 0% - 40%
44 Forward
1 - 0% - 60%
2 - 0% - 40%
44 Defense
1 - 0% - 60%
2 - 0% - 40%
Last Minute Offensive  - 0:00
Last Minute Defensive  - 0:00
Total
Forward - 60:00
Defense - 60:00

% Time on Ice - SAN DIEGO THUNDER

Lines # - Real PCT - Wanted PCT - Time Play
Normal Forward
1 - 34% - 36% - 17:23
2 - 30% - 31% - 15:42
3 - 28% - 23% - 14:21
4 - 8% - 10% - 4:18
Normal Defense
1 - 33% - 36% - 16:52
2 - 30% - 31% - 15:22
3 - 28% - 23% - 14:38
4 - 9% - 10% - 4:52
PP Forward
1 - 47% - 55% - 3:12
2 - 53% - 45% - 3:40
PP Defense
1 - 41% - 55% - 2:50
2 - 59% - 45% - 4:02
PK Forward
1 - 85% - 55% - 1:11
2 - 15% - 45% - 0:13
PK Defense
1 - 60% - 55% - 0:50
2 - 40% - 45% - 0:34
PK3 Forward
1 - 0% - 55%
2 - 0% - 45%
PK3 Defense
1 - 0% - 55%
2 - 0% - 45%
44 Forward
1 - 0% - 55%
2 - 0% - 45%
44 Defense
1 - 0% - 55%
2 - 0% - 45%
Last Minute Offensive  - 0:00
Last Minute Defensive  - 0:00
Total
Forward - 60:00
Defense - 60:00

Play-by-Play

1st period


0:01 of 1st period - Robert Thomas wins face-off versus Wyatt Johnston in neutral zone.
0:17 of 1st period - Shot by Dmitri Voronkov.
0:17 of 1st period - Shot Misses the Net.
0:19 of 1st period - Shot by Jake Neighbours.
0:19 of 1st period - Deflect By Dmitri Voronkov.
0:19 of 1st period - Goal by Dmitri Voronkov - PORTLAND PIRATES : 0 - SAN DIEGO THUNDER : 1.
0:20 of 1st period - Chandler Stephenson wins face-off versus Aliaksei Protas in neutral zone.
0:46 of 1st period - Shot by Aliaksei Protas.
0:46 of 1st period - Stopped by Joseph Woll without a rebound.
0:47 of 1st period - Frank Nazar wins face-off versus Ryan McLeod in PORTLAND PIRATES zone.
0:49 of 1st period - Joel Farabee is hit by Luke Schenn and loses puck.
1:03 of 1st period - Joel Farabee is hit by Luke Schenn and loses puck.
1:06 of 1st period - Shot by Frank Nazar.
1:06 of 1st period - Shot Misses the Net.
1:08 of 1st period - Shot by Joel Farabee.
1:08 of 1st period - Stopped by Joseph Woll without a rebound.
1:08 of 1st period - Minor Penalty to Luke Schenn for Hooking.
1:09 of 1st period - Ryan McLeod wins face-off versus Wyatt Johnston in PORTLAND PIRATES zone.
1:25 of 1st period - Shot by Erik Cernak.
1:25 of 1st period - Stopped by Joseph Woll without a rebound.
1:26 of 1st period - Aliaksei Protas wins face-off versus Yanni Gourde in PORTLAND PIRATES zone.
1:42 of 1st period - Icing by Derek Forbort.
1:43 of 1st period - Aliaksei Protas wins face-off versus Ryan McLeod in SAN DIEGO THUNDER zone.
2:03 of 1st period - Shot by Aliaksei Protas.
2:03 of 1st period - Goal by Aliaksei Protas - PORTLAND PIRATES : 0 - SAN DIEGO THUNDER : 2.
2:04 of 1st period - Robert Thomas wins face-off versus Dmitri Voronkov in neutral zone.
2:13 of 1st period - Shot by Mika Zibanejad.
2:13 of 1st period - Stopped by Petr Mrazek without a rebound.
2:14 of 1st period - Ryan Donato wins face-off versus Wyatt Johnston in SAN DIEGO THUNDER zone.
2:17 of 1st period - Shot by Pavel Zacha.
2:17 of 1st period - Stopped by Petr Mrazek without a rebound.
2:18 of 1st period - Aliaksei Protas wins face-off versus Robert Thomas in SAN DIEGO THUNDER zone.
2:29 of 1st period - Shot by Mika Zibanejad.
2:29 of 1st period - Shot Misses the Net.
2:31 of 1st period - Shot by Travis Konecny.
2:31 of 1st period - Stopped by Petr Mrazek without a rebound.
2:32 of 1st period - Chandler Stephenson wins face-off versus Wyatt Johnston in SAN DIEGO THUNDER zone.
2:46 of 1st period - Jake Neighbours and Ryan Donato fight to a draw.
2:46 of 1st period - Penalty to Jake Neighbours for Fighting.
2:46 of 1st period - Penalty to Ryan Donato for Fighting.
2:47 of 1st period - Ryan McLeod wins face-off versus Eric Robinson in PORTLAND PIRATES zone.
2:55 of 1st period - Ryan McLeod is hit by Nicolas Hague and loses puck.
3:07 of 1st period - Michael Anderson is hit by Frank Nazar.
3:51 of 1st period - Icing by Charles McAvoy.
3:52 of 1st period - Wyatt Johnston wins face-off versus Chandler Stephenson in SAN DIEGO THUNDER zone.
4:12 of 1st period - Shot by Chandler Stephenson.
4:12 of 1st period - Shot Hit the Post.
4:14 of 1st period - Shot by Michael Amadio.
4:14 of 1st period - Deflect By Pavel Zacha.
4:14 of 1st period - Shot Blocked by Dmitri Voronkov.
5:00 of 1st period - Radek Faksa is hit by Mika Zibanejad and loses puck.
5:15 of 1st period - Shot by Travis Konecny.
5:15 of 1st period - Stopped by Petr Mrazek without a rebound.
5:16 of 1st period - Frank Nazar wins face-off versus Yanni Gourde in SAN DIEGO THUNDER zone.
5:28 of 1st period - Icing by Ryan McLeod.
5:29 of 1st period - Wyatt Johnston wins face-off versus Ryan McLeod in PORTLAND PIRATES zone.
5:30 of 1st period - Shot by Dmitri Voronkov.
5:30 of 1st period - Shot Misses the Net.
5:44 of 1st period - Shot by Ryan McLeod.
5:44 of 1st period - Deflect By Jordan Eberle.
5:44 of 1st period - Stopped by Petr Mrazek with a rebound.
5:49 of 1st period - Icing by Charles McAvoy.
5:50 of 1st period - Wyatt Johnston wins face-off versus Robert Thomas in SAN DIEGO THUNDER zone.
6:08 of 1st period - Shot by Mika Zibanejad.
6:08 of 1st period - Goal by Mika Zibanejad - PORTLAND PIRATES : 1 - SAN DIEGO THUNDER : 2.
6:09 of 1st period - Chandler Stephenson wins face-off versus Aliaksei Protas in neutral zone.
6:15 of 1st period - Icing by Nate Schmidt.
6:16 of 1st period - Chandler Stephenson wins face-off versus Aliaksei Protas in SAN DIEGO THUNDER zone.
6:43 of 1st period - Shot by Michael Amadio.
6:43 of 1st period - Stopped by Petr Mrazek without a rebound.
6:44 of 1st period - Fedor Svechkov wins face-off versus Robert Thomas in SAN DIEGO THUNDER zone.
6:51 of 1st period - Shot by Wyatt Johnston.
6:51 of 1st period - Deflect By Fedor Svechkov.
6:51 of 1st period - Shot Blocked by Luke Schenn.
6:57 of 1st period - Shot by Wyatt Johnston.
6:57 of 1st period - Stopped by Joseph Woll without a rebound.
6:58 of 1st period - Chandler Stephenson wins face-off versus Frank Nazar in PORTLAND PIRATES zone.
7:05 of 1st period - Shot by Pavel Zacha.
7:05 of 1st period - Shot Misses the Net.
7:07 of 1st period - Shot by Chandler Stephenson.
7:07 of 1st period - Stopped by Petr Mrazek without a rebound.
7:08 of 1st period - Fedor Svechkov wins face-off versus Robert Thomas in SAN DIEGO THUNDER zone.
7:30 of 1st period - Icing by Thomas Chabot.
7:31 of 1st period - Robert Thomas wins face-off versus Aliaksei Protas in PORTLAND PIRATES zone.
7:36 of 1st period - Shot by Mika Zibanejad.
7:36 of 1st period - Stopped by Petr Mrazek with a rebound.
7:38 of 1st period - Shot by Travis Konecny.
7:38 of 1st period - Stopped by Petr Mrazek with a rebound.
7:40 of 1st period - Shot by Robert Thomas.
7:40 of 1st period - Stopped by Petr Mrazek without a rebound.
7:41 of 1st period - Sam Steel wins face-off versus Wyatt Johnston in SAN DIEGO THUNDER zone.
8:12 of 1st period - Shot by Dmitri Voronkov.
8:12 of 1st period - Stopped by Joseph Woll without a rebound.
8:13 of 1st period - Chandler Stephenson wins face-off versus Aliaksei Protas in PORTLAND PIRATES zone.
8:34 of 1st period - Shot by Pavel Zacha.
8:34 of 1st period - Shot Blocked by Aliaksei Protas.
8:36 of 1st period - Shot by Travis Hamonic.
8:36 of 1st period - Shot Misses the Net.
8:42 of 1st period - Shot by Chandler Stephenson.
8:42 of 1st period - Stopped by Petr Mrazek without a rebound.
8:43 of 1st period - Robert Thomas wins face-off versus Frank Nazar in SAN DIEGO THUNDER zone.
9:02 of 1st period - Shot by Frank Nazar.
9:02 of 1st period - Stopped by Joseph Woll without a rebound.
9:03 of 1st period - Ryan McLeod wins face-off versus Fedor Svechkov in PORTLAND PIRATES zone.
9:23 of 1st period - Shot by Ryan McLeod.
9:23 of 1st period - Stopped by Petr Mrazek with a rebound.
9:35 of 1st period - Shot by Ryan McLeod.
9:35 of 1st period - Stopped by Petr Mrazek with a rebound.
9:37 of 1st period - Shot by Brian Dumoulin.
9:37 of 1st period - Shot Misses the Net.
9:41 of 1st period - Shot by Yanni Gourde.
9:41 of 1st period - Shot Blocked by Adam Boqvist.
10:48 of 1st period - Travis Konecny is hit by Eric Robinson.
11:08 of 1st period - Travis Konecny is hit by Jalen Chatfield and loses puck.
11:14 of 1st period - Maxim Tsyplakov is hit by Travis Konecny.
11:16 of 1st period - Shot by Aliaksei Protas.
11:16 of 1st period - Stopped by Joseph Woll without a rebound.
11:17 of 1st period - Yanni Gourde wins face-off versus Wyatt Johnston in PORTLAND PIRATES zone.
11:32 of 1st period - Shot by Wyatt Johnston.
11:32 of 1st period - Stopped by Joseph Woll without a rebound.
11:33 of 1st period - Aliaksei Protas wins face-off versus Sam Steel in PORTLAND PIRATES zone.
11:34 of 1st period - Shot by Maxim Tsyplakov.
11:34 of 1st period - Shot Blocked by Thomas Chabot.
11:36 of 1st period - Shot by Radek Faksa.
11:36 of 1st period - Stopped by Joseph Woll without a rebound.
11:37 of 1st period - Robert Thomas wins face-off versus Aliaksei Protas in PORTLAND PIRATES zone.
11:48 of 1st period - Travis Konecny is hit by Radek Faksa and loses puck.
11:55 of 1st period - Shot by Radek Faksa.
11:55 of 1st period - Shot Misses the Net.
12:01 of 1st period - Shot by Aliaksei Protas.
12:01 of 1st period - Shot Misses the Net.
12:25 of 1st period - Icing by Thomas Chabot.
12:26 of 1st period - Wyatt Johnston wins face-off versus Robert Thomas in PORTLAND PIRATES zone.
12:33 of 1st period - Shot by Jake Neighbours.
12:33 of 1st period - Stopped by Joseph Woll without a rebound.
12:34 of 1st period - Wyatt Johnston wins face-off versus Chandler Stephenson in PORTLAND PIRATES zone.
12:34 of 1st period - Jake Neighbours is hit by Ben Chiarot and loses puck.
12:59 of 1st period - Pavel Zacha is hit by Dmitri Voronkov and loses puck.
13:12 of 1st period - Minor Penalty to Ryan Donato for Tripping.
13:13 of 1st period - Ryan McLeod wins face-off versus Aliaksei Protas in PORTLAND PIRATES zone.
13:41 of 1st period - Shot by Radek Faksa.
13:41 of 1st period - Shot Misses the Net.
14:36 of 1st period - Shot by Jake Neighbours.
14:36 of 1st period - Stopped by Joseph Woll with a rebound.
14:38 of 1st period - Shot by Wyatt Johnston.
14:38 of 1st period - Stopped by Joseph Woll without a rebound.
14:39 of 1st period - Wyatt Johnston wins face-off versus Ryan McLeod in PORTLAND PIRATES zone.
15:32 of 1st period - Shot by Joel Farabee.
15:32 of 1st period - Shot Misses the Net.
15:34 of 1st period - Shot by Jalen Chatfield.
15:34 of 1st period - Shot Misses the Net.
15:38 of 1st period - Shot by Frank Nazar.
15:38 of 1st period - Shot Misses the Net.
15:53 of 1st period - Icing by Nicolas Hague.
15:54 of 1st period - Chandler Stephenson wins face-off versus Frank Nazar in SAN DIEGO THUNDER zone.
15:57 of 1st period - Shot by Ryan Donato.
15:57 of 1st period - Stopped by Petr Mrazek without a rebound.
15:58 of 1st period - Chandler Stephenson wins face-off versus Wyatt Johnston in SAN DIEGO THUNDER zone.
16:11 of 1st period - Shot by Ryan Donato.
16:11 of 1st period - Goal by Ryan Donato - PORTLAND PIRATES : 2 - SAN DIEGO THUNDER : 2.
16:12 of 1st period - Aliaksei Protas wins face-off versus Ryan McLeod in neutral zone.
18:10 of 1st period - Icing by Frank Nazar.
18:11 of 1st period - Eric Robinson wins face-off versus Travis Konecny in SAN DIEGO THUNDER zone.
18:11 of 1st period - Eric Robinson is hit by Mika Zibanejad.
18:21 of 1st period - Nicolas Hague is hit by Robert Thomas.
18:33 of 1st period - Shot by Eric Robinson.
18:33 of 1st period - Stopped by Joseph Woll with a rebound.
Goals for this period are 2 for PORTLAND PIRATES vs 2 for SAN DIEGO THUNDER.
Shots for this period are 16 for PORTLAND PIRATES vs 15 for SAN DIEGO THUNDER.

2nd period


0:01 of 2nd period - Wyatt Johnston wins face-off versus Chandler Stephenson in neutral zone.
0:35 of 2nd period - Icing by Erik Cernak.
0:36 of 2nd period - Wyatt Johnston wins face-off versus Ryan McLeod in SAN DIEGO THUNDER zone.
1:10 of 2nd period - Yanni Gourde is hit by Derek Forbort and loses puck.
1:14 of 2nd period - Icing by Derek Forbort.
1:15 of 2nd period - Chandler Stephenson wins face-off versus Aliaksei Protas in SAN DIEGO THUNDER zone.
1:17 of 2nd period - Pavel Zacha is hit by Nate Schmidt and loses puck.
1:39 of 2nd period - Shot by Pavel Zacha.
1:39 of 2nd period - Stopped by Petr Mrazek without a rebound.
1:40 of 2nd period - Robert Thomas wins face-off versus Frank Nazar in SAN DIEGO THUNDER zone.
2:05 of 2nd period - Shot by Mika Zibanejad.
2:05 of 2nd period - Goal by Mika Zibanejad - PORTLAND PIRATES : 3 - SAN DIEGO THUNDER : 2.
2:06 of 2nd period - Wyatt Johnston wins face-off versus Chandler Stephenson in neutral zone.
2:37 of 2nd period - Shot by Pavel Zacha.
2:37 of 2nd period - Stopped by Petr Mrazek without a rebound.
2:38 of 2nd period - Robert Thomas wins face-off versus Aliaksei Protas in SAN DIEGO THUNDER zone.
2:38 of 2nd period - Robert Thomas is hit by Nate Schmidt.
2:40 of 2nd period - Shot by Travis Konecny.
2:40 of 2nd period - Stopped by Petr Mrazek without a rebound.
2:41 of 2nd period - Robert Thomas wins face-off versus Aliaksei Protas in SAN DIEGO THUNDER zone.
3:16 of 2nd period - Shot by Mika Zibanejad.
3:16 of 2nd period - Shot Misses the Net.
4:02 of 2nd period - Wyatt Johnston is hit by Yanni Gourde and loses puck.
4:15 of 2nd period - Jordan Eberle is hit by Erik Cernak and loses puck.
4:51 of 2nd period - Icing by Ryan McLeod.
4:52 of 2nd period - Ryan McLeod wins face-off versus Frank Nazar in PORTLAND PIRATES zone.
4:52 of 2nd period - Jordan Eberle is hit by Eric Robinson and loses puck.
5:10 of 2nd period - Chandler Stephenson is hit by Nicolas Hague.
5:14 of 2nd period - Shot by Pavel Zacha.
5:14 of 2nd period - Shot Misses the Net.
5:26 of 2nd period - Shot by Pavel Zacha.
5:26 of 2nd period - Stopped by Petr Mrazek without a rebound.
5:27 of 2nd period - Robert Thomas wins face-off versus Fedor Svechkov in SAN DIEGO THUNDER zone.
5:32 of 2nd period - Shot by Travis Konecny.
5:32 of 2nd period - Shot Misses the Net.
7:16 of 2nd period - Frank Nazar is hit by Luke Schenn and loses puck.
7:29 of 2nd period - Shot by Joel Farabee.
7:29 of 2nd period - Shot Blocked by Ryan Donato.
7:31 of 2nd period - Shot by Frank Nazar.
7:31 of 2nd period - Shot Misses the Net.
7:39 of 2nd period - Shot by Frank Nazar.
7:39 of 2nd period - Shot Blocked by Chandler Stephenson.
7:41 of 2nd period - Shot by Frank Nazar.
7:41 of 2nd period - Deflect By Joel Farabee.
7:41 of 2nd period - Shot Blocked by Luke Schenn.
8:13 of 2nd period - Double Minor Penalty to Jake Neighbours for Charging.
8:14 of 2nd period - Wyatt Johnston wins face-off versus Robert Thomas in SAN DIEGO THUNDER zone.
8:24 of 2nd period - Icing by Travis Konecny.
8:25 of 2nd period - Robert Thomas wins face-off versus Wyatt Johnston in PORTLAND PIRATES zone.
8:32 of 2nd period - Shot by Jordan Eberle.
8:32 of 2nd period - Goal by Jordan Eberle - PORTLAND PIRATES : 4 - SAN DIEGO THUNDER : 2.
8:32 of 2nd period - Arvid Soderblom enters game.
8:33 of 2nd period - Chandler Stephenson wins face-off versus Wyatt Johnston in neutral zone.
8:46 of 2nd period - Shot by Chandler Stephenson.
8:46 of 2nd period - Shot Misses the Net.
8:50 of 2nd period - Shot by Chandler Stephenson.
8:50 of 2nd period - Goal by Chandler Stephenson - PORTLAND PIRATES : 5 - SAN DIEGO THUNDER : 2.
8:51 of 2nd period - Robert Thomas wins face-off versus Aliaksei Protas in neutral zone.
9:16 of 2nd period - Shot by Aliaksei Protas.
9:16 of 2nd period - Shot Misses the Net.
9:39 of 2nd period - Icing by Ben Chiarot.
9:40 of 2nd period - Robert Thomas wins face-off versus Wyatt Johnston in PORTLAND PIRATES zone.
10:10 of 2nd period - Mika Zibanejad is hit by Jake Neighbours and loses puck.
10:44 of 2nd period - Shot by Eric Robinson.
10:44 of 2nd period - Shot Blocked by Michael Anderson.
10:46 of 2nd period - Shot by Eric Robinson.
10:46 of 2nd period - Shot Misses the Net.
10:48 of 2nd period - Shot by Frank Nazar.
10:48 of 2nd period - Deflect By Joel Farabee.
10:48 of 2nd period - Goal by Joel Farabee - PORTLAND PIRATES : 5 - SAN DIEGO THUNDER : 3.
10:49 of 2nd period - Ryan McLeod wins face-off versus Aliaksei Protas in neutral zone.
10:57 of 2nd period - Shot by Maxim Tsyplakov.
10:57 of 2nd period - Stopped by Joseph Woll without a rebound.
10:58 of 2nd period - Aliaksei Protas wins face-off versus Ryan McLeod in PORTLAND PIRATES zone.
11:23 of 2nd period - Shot by Yanni Gourde.
11:23 of 2nd period - Shot Misses the Net.
11:33 of 2nd period - Shot by Ryan McLeod.
11:33 of 2nd period - Shot Misses the Net.
11:35 of 2nd period - Shot by Ryan McLeod.
11:35 of 2nd period - Deflect By Yanni Gourde.
11:35 of 2nd period - Shot Misses the Net.
11:37 of 2nd period - Shot by Ryan McLeod.
11:37 of 2nd period - Stopped by Arvid Soderblom without a rebound.
11:38 of 2nd period - Ryan Donato wins face-off versus Wyatt Johnston in SAN DIEGO THUNDER zone.
11:45 of 2nd period - Shot by Pavel Zacha.
11:45 of 2nd period - Deflect By Ryan Donato.
11:45 of 2nd period - Stopped by Arvid Soderblom without a rebound.
11:46 of 2nd period - Chandler Stephenson wins face-off versus Wyatt Johnston in SAN DIEGO THUNDER zone.
12:10 of 2nd period - Shot by Pavel Zacha.
12:10 of 2nd period - Stopped by Arvid Soderblom with a rebound.
13:01 of 2nd period - Shot by Maxim Tsyplakov.
13:01 of 2nd period - Stopped by Joseph Woll without a rebound.
13:02 of 2nd period - Ryan McLeod wins face-off versus Frank Nazar in PORTLAND PIRATES zone.
13:02 of 2nd period - Ryan McLeod is hit by Joel Farabee.
13:10 of 2nd period - Shot by Jordan Eberle.
13:10 of 2nd period - Shot Misses the Net.
13:12 of 2nd period - Shot by Brian Dumoulin.
13:12 of 2nd period - Stopped by Arvid Soderblom without a rebound.
13:13 of 2nd period - Travis Konecny wins face-off versus Aliaksei Protas in SAN DIEGO THUNDER zone.
13:22 of 2nd period - Shot by Aliaksei Protas.
13:22 of 2nd period - Shot Misses the Net.
14:24 of 2nd period - Shot by Frank Nazar.
14:24 of 2nd period - Shot Blocked by Michael Anderson.
14:26 of 2nd period - Shot by Jalen Chatfield.
14:26 of 2nd period - Shot Misses the Net.
14:28 of 2nd period - Shot by Frank Nazar.
14:28 of 2nd period - Deflect By Joel Farabee.
14:28 of 2nd period - Stopped by Joseph Woll without a rebound.
14:29 of 2nd period - Wyatt Johnston wins face-off versus Chandler Stephenson in PORTLAND PIRATES zone.
14:41 of 2nd period - Chandler Stephenson is hit by Erik Cernak and loses puck.
14:52 of 2nd period - Shot by Dmitri Voronkov.
14:52 of 2nd period - Shot Blocked by Ben Chiarot.
14:54 of 2nd period - Shot by Wyatt Johnston.
14:54 of 2nd period - Shot Misses the Net.
15:12 of 2nd period - Shot by Dmitri Voronkov.
15:12 of 2nd period - Shot Blocked by Chandler Stephenson.
15:45 of 2nd period - Ryan McLeod is hit by Nate Schmidt and loses puck.
16:02 of 2nd period - Shot by Jordan Eberle.
16:02 of 2nd period - Stopped by Arvid Soderblom with a rebound.
17:01 of 2nd period - Minor Penalty to Travis Konecny for Roughing.
17:02 of 2nd period - Ryan McLeod wins face-off versus Wyatt Johnston in PORTLAND PIRATES zone.
17:23 of 2nd period - Shot by Wyatt Johnston.
17:23 of 2nd period - Stopped by Joseph Woll without a rebound.
17:24 of 2nd period - Ryan McLeod wins face-off versus Wyatt Johnston in PORTLAND PIRATES zone.
17:35 of 2nd period - Ben Chiarot is hit by Jake Neighbours and loses puck.
18:11 of 2nd period - Icing by Nicolas Hague.
18:12 of 2nd period - Yanni Gourde wins face-off versus Aliaksei Protas in SAN DIEGO THUNDER zone.
18:44 of 2nd period - Icing by Wyatt Johnston.
18:45 of 2nd period - Ryan McLeod wins face-off versus Wyatt Johnston in SAN DIEGO THUNDER zone.
18:56 of 2nd period - Ryan McLeod is hit by Derek Forbort and loses puck.
18:59 of 2nd period - Shot by Luke Schenn.
18:59 of 2nd period - Stopped by Arvid Soderblom without a rebound.
19:00 of 2nd period - Sam Steel wins face-off versus Wyatt Johnston in SAN DIEGO THUNDER zone.
Goals for this period are 3 for PORTLAND PIRATES vs 1 for SAN DIEGO THUNDER.
Shots for this period are 13 for PORTLAND PIRATES vs 5 for SAN DIEGO THUNDER.

3rd period


0:01 of 3rd period - Robert Thomas wins face-off versus Wyatt Johnston in neutral zone.
0:05 of 3rd period - Travis Konecny is hit by Erik Cernak and loses puck.
0:40 of 3rd period - Shot by Robert Thomas.
0:40 of 3rd period - Shot Blocked by Charles McAvoy.
0:42 of 3rd period - Shot by Mika Zibanejad.
0:42 of 3rd period - Shot Blocked by Erik Cernak.
0:44 of 3rd period - Shot by Robert Thomas.
0:44 of 3rd period - Stopped by Arvid Soderblom with a rebound.
1:10 of 3rd period - Shot by Jordan Eberle.
1:10 of 3rd period - Stopped by Arvid Soderblom with a rebound.
1:12 of 3rd period - Shot by Brian Dumoulin.
1:12 of 3rd period - Shot Misses the Net.
1:59 of 3rd period - Icing by Travis Hamonic.
2:00 of 3rd period - Chandler Stephenson wins face-off versus Joel Farabee in PORTLAND PIRATES zone.
2:34 of 3rd period - Eric Robinson is hit by Luke Schenn and loses puck.
2:41 of 3rd period - Chandler Stephenson is hit by Eric Robinson and loses puck.
3:18 of 3rd period - Shot by Travis Konecny.
3:18 of 3rd period - Stopped by Arvid Soderblom without a rebound.
3:19 of 3rd period - Wyatt Johnston wins face-off versus Ryan McLeod in SAN DIEGO THUNDER zone.
3:47 of 3rd period - Shot by Yanni Gourde.
3:47 of 3rd period - Stopped by Arvid Soderblom without a rebound.
3:48 of 3rd period - Aliaksei Protas wins face-off versus Robert Thomas in SAN DIEGO THUNDER zone.
3:48 of 3rd period - Aliaksei Protas is hit by Mika Zibanejad.
3:54 of 3rd period - Shot by Aliaksei Protas.
3:54 of 3rd period - Shot Blocked by Michael Anderson.
3:57 of 3rd period - Icing by Michael Anderson.
3:58 of 3rd period - Robert Thomas wins face-off versus Fedor Svechkov in PORTLAND PIRATES zone.
5:16 of 3rd period - Shot by Aliaksei Protas.
5:16 of 3rd period - Stopped by Joseph Woll without a rebound.
5:17 of 3rd period - Ryan McLeod wins face-off versus Frank Nazar in PORTLAND PIRATES zone.
5:40 of 3rd period - Shot by Jordan Eberle.
5:40 of 3rd period - Shot Misses the Net.
6:11 of 3rd period - Off-side.
6:12 of 3rd period - Ryan Donato wins face-off versus Aliaksei Protas in neutral zone.
6:23 of 3rd period - Shot by Maxim Tsyplakov.
6:23 of 3rd period - Deflect By Aliaksei Protas.
6:23 of 3rd period - Stopped by Joseph Woll with a rebound.
6:26 of 3rd period - Icing by Brian Dumoulin.
6:27 of 3rd period - Chandler Stephenson wins face-off versus Wyatt Johnston in PORTLAND PIRATES zone.
6:27 of 3rd period - Chandler Stephenson is hit by Jake Neighbours.
6:37 of 3rd period - Wyatt Johnston is hit by Pavel Zacha.
7:45 of 3rd period - Shot by Radek Faksa.
7:45 of 3rd period - Stopped by Joseph Woll without a rebound.
7:46 of 3rd period - Ryan McLeod wins face-off versus Frank Nazar in PORTLAND PIRATES zone.
8:14 of 3rd period - Shot by Jordan Eberle.
8:14 of 3rd period - Stopped by Arvid Soderblom with a rebound.
8:16 of 3rd period - Shot by Ryan McLeod.
8:16 of 3rd period - Shot Misses the Net.
8:18 of 3rd period - Shot by Ryan McLeod.
8:18 of 3rd period - Shot Blocked by Jalen Chatfield.
8:44 of 3rd period - Shot by Robert Thomas.
8:44 of 3rd period - Stopped by Arvid Soderblom without a rebound.
8:45 of 3rd period - Sam Steel wins face-off versus Jake Neighbours in SAN DIEGO THUNDER zone.
9:04 of 3rd period - Minor Penalty to Michael Anderson for High sticking.
9:05 of 3rd period - Ryan McLeod wins face-off versus Maxim Tsyplakov in PORTLAND PIRATES zone.
9:38 of 3rd period - Shot by Radek Faksa.
9:38 of 3rd period - Stopped by Joseph Woll with a rebound.
9:40 of 3rd period - Shot by Radek Faksa.
9:40 of 3rd period - Stopped by Joseph Woll with a rebound.
9:42 of 3rd period - Shot by Radek Faksa.
9:42 of 3rd period - Shot Misses the Net.
9:44 of 3rd period - Shot by Radek Faksa.
9:44 of 3rd period - Stopped by Joseph Woll with a rebound.
9:46 of 3rd period - Shot by Derek Forbort.
9:46 of 3rd period - Shot Blocked by Brian Dumoulin.
11:31 of 3rd period - Shot by Frank Nazar.
11:31 of 3rd period - Stopped by Joseph Woll without a rebound.
11:32 of 3rd period - Chandler Stephenson wins face-off versus Fedor Svechkov in PORTLAND PIRATES zone.
11:37 of 3rd period - Shot by Ryan Donato.
11:37 of 3rd period - Shot Misses the Net.
11:39 of 3rd period - Shot by Pavel Zacha.
11:39 of 3rd period - Stopped by Arvid Soderblom without a rebound.
11:40 of 3rd period - Chandler Stephenson wins face-off versus Fedor Svechkov in SAN DIEGO THUNDER zone.
11:54 of 3rd period - Pavel Zacha is hit by Adam Boqvist and loses puck.
12:03 of 3rd period - Shot by Pavel Zacha.
12:03 of 3rd period - Stopped by Arvid Soderblom without a rebound.
12:04 of 3rd period - Aliaksei Protas wins face-off versus Robert Thomas in SAN DIEGO THUNDER zone.
12:23 of 3rd period - Shot by Radek Faksa.
12:23 of 3rd period - Stopped by Joseph Woll without a rebound.
12:24 of 3rd period - Wyatt Johnston wins face-off versus Chandler Stephenson in PORTLAND PIRATES zone.
12:31 of 3rd period - Shot by Dmitri Voronkov.
12:31 of 3rd period - Shot Misses the Net.
12:33 of 3rd period - Shot by Dmitri Voronkov.
12:33 of 3rd period - Shot Misses the Net.
12:35 of 3rd period - Shot by Wyatt Johnston.
12:35 of 3rd period - Deflect By Jake Neighbours.
12:35 of 3rd period - Shot Blocked by Michael Anderson.
12:49 of 3rd period - Icing by Chandler Stephenson.
12:50 of 3rd period - Aliaksei Protas wins face-off versus Chandler Stephenson in PORTLAND PIRATES zone.
13:14 of 3rd period - Shot by Pavel Zacha.
13:14 of 3rd period - Stopped by Arvid Soderblom without a rebound.
13:15 of 3rd period - Mika Zibanejad wins face-off versus Wyatt Johnston in SAN DIEGO THUNDER zone.
13:16 of 3rd period - Shot by Travis Konecny.
13:16 of 3rd period - Stopped by Arvid Soderblom without a rebound.
13:17 of 3rd period - Robert Thomas wins face-off versus Dmitri Voronkov in SAN DIEGO THUNDER zone.
13:19 of 3rd period - Travis Konecny is hit by Charles McAvoy and loses puck.
13:27 of 3rd period - Icing by Ben Chiarot.
13:28 of 3rd period - Robert Thomas wins face-off versus Aliaksei Protas in PORTLAND PIRATES zone.
13:33 of 3rd period - Shot by Mika Zibanejad.
13:33 of 3rd period - Stopped by Arvid Soderblom without a rebound.
13:34 of 3rd period - Robert Thomas wins face-off versus Wyatt Johnston in SAN DIEGO THUNDER zone.
13:55 of 3rd period - Shot by Robert Thomas.
13:55 of 3rd period - Stopped by Arvid Soderblom with a rebound.
14:42 of 3rd period - Off-side.
14:43 of 3rd period - Chandler Stephenson wins face-off versus Aliaksei Protas in neutral zone.
14:45 of 3rd period - Pavel Zacha is hit by Nate Schmidt and loses puck.
14:54 of 3rd period - Shot by Ryan Donato.
14:54 of 3rd period - Stopped by Arvid Soderblom with a rebound.
14:56 of 3rd period - Shot by Pavel Zacha.
14:56 of 3rd period - Stopped by Arvid Soderblom without a rebound.
14:57 of 3rd period - Yanni Gourde wins face-off versus Frank Nazar in SAN DIEGO THUNDER zone.
14:57 of 3rd period - Thomas Chabot is hit by Nicolas Hague and loses puck.
15:11 of 3rd period - Yanni Gourde is hit by Nicolas Hague and loses puck.
15:21 of 3rd period - Icing by Nicolas Hague.
15:22 of 3rd period - Frank Nazar wins face-off versus Robert Thomas in SAN DIEGO THUNDER zone.
15:53 of 3rd period - Mika Zibanejad is hit by Nicolas Hague and loses puck.
15:58 of 3rd period - Shot by Robert Thomas.
15:58 of 3rd period - Deflect By Mika Zibanejad.
15:58 of 3rd period - Shot Misses the Net.
16:00 of 3rd period - Shot by Travis Konecny.
16:00 of 3rd period - Shot Blocked by Jalen Chatfield.
16:20 of 3rd period - Shot by Pavel Zacha.
16:20 of 3rd period - Shot Blocked by Nicolas Hague.
16:40 of 3rd period - Shot by Ryan Donato.
16:40 of 3rd period - Stopped by Arvid Soderblom without a rebound.
16:41 of 3rd period - Ryan McLeod wins face-off versus Wyatt Johnston in SAN DIEGO THUNDER zone.
16:44 of 3rd period - Shot by Yanni Gourde.
16:44 of 3rd period - Stopped by Arvid Soderblom without a rebound.
16:45 of 3rd period - Wyatt Johnston wins face-off versus Jordan Eberle in SAN DIEGO THUNDER zone.
17:15 of 3rd period - Icing by Charles McAvoy.
17:16 of 3rd period - Wyatt Johnston wins face-off versus Chandler Stephenson in SAN DIEGO THUNDER zone.
17:27 of 3rd period - Icing by Thomas Chabot.
17:28 of 3rd period - Aliaksei Protas wins face-off versus Chandler Stephenson in PORTLAND PIRATES zone.
17:29 of 3rd period - Shot by Maxim Tsyplakov.
17:29 of 3rd period - Deflect By Aliaksei Protas.
17:29 of 3rd period - Shot Blocked by Pavel Zacha.
17:31 of 3rd period - Shot by Aliaksei Protas.
17:31 of 3rd period - Shot Misses the Net.
17:33 of 3rd period - Shot by Radek Faksa.
17:33 of 3rd period - Deflect By Aliaksei Protas.
17:33 of 3rd period - Stopped by Joseph Woll without a rebound.
17:34 of 3rd period - Chandler Stephenson wins face-off versus Aliaksei Protas in PORTLAND PIRATES zone.
17:39 of 3rd period - Shot by Pavel Zacha.
17:39 of 3rd period - Shot Misses the Net.
17:54 of 3rd period - Shot by Maxim Tsyplakov.
17:54 of 3rd period - Deflect By Aliaksei Protas.
17:54 of 3rd period - Shot Misses the Net.
18:03 of 3rd period - Off-side.
18:04 of 3rd period - Travis Konecny wins face-off versus Wyatt Johnston in neutral zone.
18:23 of 3rd period - Shot by Wyatt Johnston.
18:23 of 3rd period - Shot Misses the Net.
18:29 of 3rd period - Shot by Wyatt Johnston.
18:29 of 3rd period - Stopped by Joseph Woll with a rebound.
18:31 of 3rd period - Shot by Wyatt Johnston.
18:31 of 3rd period - Shot Misses the Net.
18:33 of 3rd period - Shot by Jake Neighbours.
18:33 of 3rd period - Shot Misses the Net.
19:12 of 3rd period - Minor Penalty to Maxim Tsyplakov for Tripping.
19:13 of 3rd period - Wyatt Johnston wins face-off versus Chandler Stephenson in SAN DIEGO THUNDER zone.
19:13 of 3rd period - Wyatt Johnston is hit by Ryan McLeod.
Goals for this period are 0 for PORTLAND PIRATES vs 0 for SAN DIEGO THUNDER.
Shots for this period are 16 for PORTLAND PIRATES vs 10 for SAN DIEGO THUNDER.


MATTHEW
TKACHUK
TOM
WILSON
JAKE
GUENTZEL